[Event "Early-Titled-Tuesday-Blitz-April-23-2024"]
[Site "Chess.com"]
[Date "2024.04.23"]
[Round "5"]
[White "LeRoidesChampions"]
[Black "LionelMessiFCB"]
[Result "1-0"]
[WhiteElo "2621"]
[BlackElo "2462"]
[TimeControl "180+1"]
[EndTime "8:58:06 PDT"]
[Termination "LeRoidesChampions won by resignation"]

1. Nf3 Nf6 2. g3 g6 3. b3 Bg7 4.
Bb2 O-O 5. Bg2 b6 6. O-O Bb7 7. c4 c5 8. Nc3 Nc6 9. d4 Nxd4 10. Nxd4 Bxg2 11. Kxg2 cxd4 12. Qxd4 d6 13. e4 Nd7 14. Qd2 Nc5 15. Rfe1 a5 16. Rad1 a4 17. b4 a3 18.
Ba1 Ne6 19. Nd5 Rc8 20. Bxg7 Nxg7 21. Qd4 Ne6 22. Qxb6 Rxc4 23. Qxd8 Rxd8 24. Nxe7+ Kf8 25. Nd5 Rc2 26. Re3 Rxa2 27. Rdd3 Ra8 28. Nb6 Ra6 29. Nc4 Ra4 30. Rxa3 R2xa3 31. Rxa3 Rxb4 32. Nxd6 Ke7 33.
e5 Nd8 34. f4 f6 35. Ra7+ Ke6 36. Ra8 Rb2+ 37. Kh3 Nc6 38. Re8+ Ne7 39. Nc8 Rb7 40. Rxe7+ Rxe7 41. Nxe7 Kxe7 42. Kg4 Ke6 43. exf6 Kxf6 44. Kf3 Kf5 45. g4+ Kf6 46. Ke4 Ke6 47. h3 h6 48.
h4 Kd6 49. f5 h5 50. fxg6 1-0

[Event "Early-Titled-Tuesday-Blitz-April-23-2024"]
[Site "Chess.com"]
[Date "2024.04.23"]
[Round "5"]
[White "Orest_Vovk"]
[Black "KorolDimitriy75"]
[Result "1/2-1/2"]
[WhiteElo "2542"]
[BlackElo "2338"]
[TimeControl "180+1"]
[EndTime "8:58:06 PDT"]
[Termination "Game drawn by repetition"]

1. h4 c5 2. h5 Nc6 3. Nc3 d5 4. e4 d4 5. Nce2 e5 6. Ng3 Be6 7. Bb5 Qb6 8. Bxc6+ Qxc6 9. Nf3 f6 10. d3 Bd6 11.
Nh4 Ne7 12. Nhf5 Nxf5 13. exf5 Bd5 14. Qg4 Bxg2 15. Qxg7 O-O-O 16. Rg1 Bc7 17. Bh6 Rdg8 18.
Qe7 Bd5 19. Bg7 Bd8 20. Qxd8+ Kxd8 21. Bxh8 Rxh8 22. O-O-O Rg8 23. h6 Kc7 24. Nh5 Rf8 25. Rg7+ Kb6 26. Rxh7 Bxa2 27. Rg7 c4 28. dxc4 Bxc4 29.
h7 d3 30. Rd2 dxc2 31. Rxc2 Qh1+ 32. Kd2 Qxh5 33. Re7 Bb5 34. Rc3 Qe2+ 35. Kc1 Rd8 36. Kb1 Rd1+ 37. Ka2 Qe1 38. Re6+ Bc6 39. h8=Q Ra1+ 40.
Kb3 Qd1+ 41. Rc2 Qd3+ 42. Rc3 Qb5+ 43. Kc2 Qe2+ 44. Kb3 Qb5+ 45. Kc2 Qe2+ 46. Kb3 Qb5+ 1/2-1/2

[Event "Early-Titled-Tuesday-Blitz-April-23-2024"]
[Site "Chess.com"]
[Date "2024.04.23"]
[Round "5"]
[White "Ariadna_Atreides"]
[Black "mr65"]
[Result "1-0"]
[WhiteElo "2234"]
[BlackElo "1956"]
[TimeControl "180+1"]
[EndTime "8:58:06 PDT"]
[Termination "Ariadna_Atreides won by resignation"]

1. d4 Nf6 2. Nf3 e6 3. e3 c5 4. Bd3 d5 5. b3 Be7 6. O-O O-O 7. Bb2 Nc6 8. Nbd2 b6 9. dxc5 bxc5 10. e4 Bb7 11. e5 Nd7 12. Re1 a5 13. a4 h6 14. Qe2 Rc8 15. c4 d4 16. Qe4 g6 17.
Qf4 Nb4 18. Bb1 Bg5 19. Nxg5 Qxg5 20. Qxg5 hxg5 21. Ne4 Bxe4 22. Rxe4 Kg7 23. Ba3 Rh8 24. Bxb4 axb4 25. Bd3 Nb8 26. Rae1 Nc6 27. Rg4 Na5 28. Bc2 Rh5 29. Rg3 Rd8 30. h3 Rhh8 31. Rd1 Rd7 32. Rxg5 Rhd8 33. Rd3 Kh6 34. f4 Kg7 35. h4 Rh8 36. g3 Rh5 37. Rxh5 gxh5 38. Bd1 Kh6 39. Kf2 Kg6 40. g4 hxg4 41. Bxg4 Rd8 42. h5+ Kh6 43.
Kf3 Rg8 44. Kg3 Rf8 45. Kh4 f5 46. exf6 Rxf6 47. Rf3 e5 48. fxe5 Rxf3 49. Bxf3 Nxb3 50. e6 Kg7 51. h6+ Kxh6 52. e7 1-0

[Event "Early-Titled-Tuesday-Blitz-April-23-2024"]
[Site "Chess.com"]
[Date "2024.04.23"]
[Round "5"]
[White "VirtualCoach"]
[Black "InitiatingASC"]
[Result "0-1"]
[WhiteElo "2000"]
[BlackElo "2360"]
[TimeControl "180+1"]
[EndTime "8:58:07 PDT"]
[Termination "InitiatingASC won on time"]

1. Nf3 Nc6 2. b3 e5 3. e4 Nf6 4. d3 Bb4+ 5. Bd2 Bc5 6. Be2 d5 7. exd5 Nxd5 8. O-O O-O 9. Nc3 Be6 10. Ne4 Be7 11.
Neg5 Bg4 12. h3 Bh5 13. Ne4 Bg6 14. c4 Ndb4 15. Bc3 f6 16. a3 Na6 17. b4 Nd4 18. Nxd4 exd4 19. Bd2 c5 20. b5 Nc7 21. Bf3 Ne6 22. Re1 a5 23. bxa6 Rxa6 24. Qb3 Qd7 25. Rab1 Ra7 26. Ng3 Rfa8 27. Bd5 Bf7 28. Bc1 Bd6 29.
Nf5 Bf8 30. Qd1 Nd8 31. Bxf7+ Nxf7 32. Qf3 Ne5 33. Qe4 Qa4 34. Rxb7 Qc2 35. Qd5+ Kh8 36. Rxa7 Rxa7 37. Qd8 Kg8 38. Qd5+ Kh8 39. Nd6 Rd7 40. Nf7+ Rxf7 41. Rxe5 Qxc1+ 42. Kh2 Qf4+ 43. g3 Qxf2+ 44. Kh1 fxe5 0-1

[Event "Early-Titled-Tuesday-Blitz-April-23-2024"]
[Site "Chess.com"]
[Date "2024.04.23"]
[Round "5"]
[White "bescmelasti"]
[Black "Nemegejas"]
[Result "0-1"]
[WhiteElo "2603"]
[BlackElo "2819"]
[TimeControl "180+1"]
[EndTime "8:58:08 PDT"]
[Termination "Nemegejas won on time"]

1. e4 c6 2. d4 d5 3. Nc3 dxe4 4. Nxe4 Nd7 5. Nf3 Ngf6 6. Nxf6+ Nxf6 7. Bc4 Bf5 8. O-O e6 9. Re1 Bd6 10. h3 h6 11. a4 a5 12. c3 O-O 13. Bd3 Re8 14.
Ne5 Bxe5 15. Rxe5 Bxd3 16. Qxd3 Nd5 17. Bd2 Qd7 18. Rae1 b5 19. axb5 cxb5 20. Qg3 Kh7 21. Qd3+ Kg8 22. Qg3 Kf8 23. Rh5 f5 24. Bxh6 gxh6 25.
Rxh6 Qg7 26. Qh4 Kg8 27. Rexe6 Rxe6 28. Rxe6 Rf8 29. Re5 Nf6 30. Rxf5 Qh7 31. Qxh7+ Kxh7 32. Rxb5 Ra8 33. c4 Ne4 34. f3 Nd6 35. Rc5 a4 36.
Rc6 Nf5 37. d5 Rb8 38. Ra6 Rxb2 39. Rxa4 Ne3 40. g4 Rg2+ 41. Kh1 Rd2 42. Ra7+ Kg6 43. h4 Kf6 44. Ra6+ Ke5 45. Re6+ Kf4 46. Rf6+ Kg3 0-1

[Event "Early-Titled-Tuesday-Blitz-April-23-2024"]
[Site "Chess.com"]
[Date "2024.04.23"]
[Round "5"]
[White "ellatambien"]
[Black "WindWhistler11"]
[Result "1-0"]
[WhiteElo "2709"]
[BlackElo "2527"]
[TimeControl "180+1"]
[EndTime "8:58:09 PDT"]
[Termination "ellatambien won by resignation"]

1. d4 Nf6 2. c4 e6 3. g3 c5 4. d5 exd5 5. cxd5 Bd6 6. Nc3 O-O 7.
Bg2 Re8 8. Nf3 Bf8 9. d6 a6 10. O-O Re6 11. Bf4 Nh5 12. Bg5 Qb6 13. Nd5 Qxd6 14.
Nd2 Qe5 15. Nc4 Qxg5 16. Ncb6 Nc6 17. Nxa8 b5 18. Nac7 Rd6 19. Qc1 Qd8 20. g4 Nf6 21. Nxf6+ Rxf6 22. Nd5 Rg6 23. h3 Nd4 24. Re1 h5 25.
Nf4 Rg5 26. Nxh5 g6 27. Ng3 d5 28. e3 Ne6 29. f4 Bd6 30. Nf1 Bb7 31. fxg5 Qxg5 32.
Qd2 c4 33. Rad1 Nc7 34. Qd4 Qe7 35. Kh1 Bc5 36. Qf4 Bd6 37. Qf2 b4 38. e4 Bc5 39.
Qe2 d4 40. Qxc4 Ne6 41. e5 Bxg2+ 42. Kxg2 Qb7+ 43. Kh2 Qf3 44. Qd3 Qf4+ 45. Qg3 Qg5 46. Nd2 Qe7 47. Ne4 Bb6 48. Nf6+ Kg7 49. Qh4 Nf8 50.
Nh5+ 1-0

[Event "Early-Titled-Tuesday-Blitz-April-23-2024"]
[Site "Chess.com"]
[Date "2024.04.23"]
[Round "5"]
[White "northridgehawk"]
[Black "Anu-triz"]
[Result "0-1"]
[WhiteElo "2322"]
[BlackElo "2153"]
[TimeControl "180+1"]
[EndTime "8:58:09 PDT"]
[Termination "Anu-triz won by resignation"]

1. e4 e5 2. Nf3 Nc6 3. Bc4 Bc5 4. Nc3 Nf6 5. O-O O-O 6. d3 h6 7. Nd5 d6 8. c3 Bb6 9. a4 Be6 10. b4 a6 11. Qb3 Bxd5 12. Bxd5 Nxd5 13. Qxd5 Rb8 14.
Be3 Ne7 15. Qb3 Bxe3 16. fxe3 c6 17. a5 Qc7 18. d4 Ng6 19. Nd2 Rbe8 20. Nc4 exd4 21.
exd4 Rxe4 22. Nb6 d5 23. Rf2 Rfe8 24. Raf1 Re1 25. Qc2 Rxf1+ 26. Rxf1 Qe7 27. Qf2 Qe3 28. Na4 Qxf2+ 29. Kxf2 Nf4 30. Rd1 Ne6 31. g3 Kf8 32.
Kf3 Ng5+ 33. Kg4 Ne4 34. Rf1 Ke7 35. h4 g6 36. Rf3 f5+ 37. Kf4 Kf6 38. g4 g5+ 39. hxg5+ hxg5+ 40. Ke3 Nxc3+ 41. Kd3 Nxa4 42. Rxf5+ Kg6 43. Rf2 Re4 44. Ra2 Rxg4 45. Rxa4 Kf5 46. Ra1 Rg3+ 47. Ke2 Rg4 48. Rd1 Re4+ 0-1

[Event "Early-Titled-Tuesday-Blitz-April-23-2024"]
[Site "Chess.com"]
[Date "2024.04.23"]
[Round "5"]
[White "Nikita_Klepikov"]
[Black "RojonR"]
[Result "1/2-1/2"]
[WhiteElo "2368"]
[BlackElo "2557"]
[TimeControl "180+1"]
[EndTime "8:58:10 PDT"]
[Termination "Game drawn by repetition"]

1. e4 c5 2. Nf3 Nc6 3. d4 cxd4 4. Nxd4 Qc7 5. Nc3 e6 6. a3 a6 7. Be3 Nf6 8. Be2 Be7 9. f4 d6 10. g4 O-O 11. g5 Nd7 12. Nxc6 bxc6 13. O-O Rb8 14.
b3 f5 15. gxf6 Bxf6 16. Bd4 e5 17. Bc4+ Kh8 18. fxe5 Nxe5 19. Bxe5 dxe5 20. Qe2 Bh3 21. Rf2 Bh4 22. Rxf8+ Rxf8 23. Qh5 Qb6+ 24. Kh1 Qf2 25. Rg1 Qf3+ 26. Qxf3 Rxf3 27. Ne2 Rf2 28. Ng3 Bg4 29.
Rf1 Rxf1+ 30. Bxf1 Bd1 31. Bd3 Bxg3 32. hxg3 a5 33. b4 axb4 34. axb4 g5 35. c3 h5 36. Kg2 Kg7 37. Ba6 Bc2 38. Kf3 Bd1+ 39. Ke3 h4 40. Bb7 h3 41. Kf2 Ba4 42. Kg1 g4 43. Kh2 Kg6 44.
Bc8 Kg5 45. Bf5 Bb5 46. Bd7 Ba4 47. Bf5 Kh5 48. Bd7 Kg5 49. Bf5 1/2-1/2

[Event "Early-Titled-Tuesday-Blitz-April-23-2024"]
[Site "Chess.com"]
[Date "2024.04.23"]
[Round "5"]
[White "jakopogi"]
[Black "masnyszachistaaa"]
[Result "1-0"]
[WhiteElo "2798"]
[BlackElo "2581"]
[TimeControl "180+1"]
[EndTime "8:58:11 PDT"]
[Termination "jakopogi won by checkmate"]

1. d4 f5 2. c4 Nf6 3. Nc3 d6 4.
Bg5 Nbd7 5. e3 g6 6. Bd3 Bg7 7. Nge2 O-O 8. Nf4 Nb8 9. h4 e5 10. Nfd5 c6 11. Nxf6+ Bxf6 12. Bh6 exd4 13. Bxf8 dxc3 14.
Bh6 cxb2 15. Rb1 Na6 16. h5 Nc5 17. hxg6 hxg6 18. Bf4 Be6 19. g4 Qd7 20. Bc2 Bxc4 21. gxf5 Bc3+ 22. Qd2 Bxd2+ 23. Kxd2 gxf5 24. Rbg1+ Kf8 25.
Rh8+ Ke7 26. Rg7+ Bf7 27. Rxa8 Qe6 28. Bg5+ Kd7 29. Rf8 Qd5+ 30. Kc3 Na4+ 31. Bxa4 b1=Q 32. Rgxf7+ Qxf7 33.
Rxf7+ Kc8 34. Bb3 Qc1+ 35. Kd3 Qf1+ 36. Kd2 Qxf2+ 37. Kc3 Qe1+ 38. Kb2 Qd2+ 39. Bc2 Qe1 40. Bxf5+ Kb8 41. Rf8+ Kc7 42. Bd8+ Kb8 43. Bb6# 1-0

[Event "Early-Titled-Tuesday-Blitz-April-23-2024"]
[Site "Chess.com"]
[Date "2024.04.23"]
[Round "5"]
[White "grzechu96"]
[Black "ural58"]
[Result "1-0"]
[WhiteElo "2793"]
[BlackElo "2569"]
[TimeControl "180+1"]
[EndTime "8:58:11 PDT"]
[Termination "grzechu96 won on time"]

1. e4 e5 2. Nf3 Nc6 3. Bc4 Nf6 4. d3 h6 5. a4 g5 6. c3 Bg7 7. O-O O-O 8. a5 d5 9. exd5 Nxd5 10. a6 Nb6 11.
axb7 Bxb7 12. Ba6 Bxa6 13. Rxa6 Re8 14. Be3 Ne7 15. Re1 Ned5 16. Bc1 Nf4 17. Bxf4 gxf4 18.
Qe2 f5 19. Nbd2 Qd5 20. Nh4 Qb5 21. Ra2 Rf8 22. Ndf3 Nd7 23. d4 Qxe2 24. Rxe2 e4 25. Nd2 a5 26. Nc4 a4 27. Ng6 Rfb8 28. Nxf4 c5 29.
d5 Rb3 30. Ng6 Kf7 31. Nh4 Kf6 32. f3 exf3 33. Re6+ Kf7 34. Nxf5 Bf8 35. gxf3 Nf6 36. Ne5+ Kg8 37. Rxf6 a3 38. Rxa3 Raxa3 39. bxa3 Rxc3 40. Nd7 Bg7 41. Rg6 Kf7 42. Rxg7+ Ke8 43. Re7+ Kd8 44. Nf6 1-0

[Event "Early-Titled-Tuesday-Blitz-April-23-2024"]
[Site "Chess.com"]
[Date "2024.04.23"]
[Round "5"]
[White "shirovin"]
[Black "Doublekk14"]
[Result "0-1"]
[WhiteElo "2060"]
[BlackElo "2367"]
[TimeControl "180+1"]
[EndTime "8:58:11 PDT"]
[Termination "Doublekk14 won on time"]

1. e4 c5 2. Nf3 e6 3. d4 cxd4 4. Nxd4 Nf6 5. Nc3 Nc6 6. Ndb5 Bc5 7. Nd6+ Ke7 8. Bf4 e5 9. Nf5+ Kf8 10. Be3 Bb4 11. Bc4 d5 12. Bxd5 Nxd5 13. exd5 Bxf5 14.
dxc6 Bxc3+ 15. bxc3 Qxd1+ 16. Rxd1 bxc6 17. Bc5+ Ke8 18. Rd6 Be6 19. Rxc6 Kd7 20. Rd6+ Kc7 21. a3 Bc4 22. f3 a6 23. Kf2 Rhb8 24. Rhd1 Be6 25. R1d2 Rb5 26. Be3 Rb2 27. Kg3 Rb5 28. a4 Rbb8 29.
a5 Re8 30. Bb6+ Kb7 31. c4 Bxc4 32. Rd7+ Kc6 33. Rc7+ Kb5 34. Rd1 Rac8 35. Rb1+ Ka4 36. Rd7 f5 37. Rd2 e4 38. fxe4 fxe4 39. Rd4 e3 40. c3 e2 41. Kf2 Rf8+ 42. Kg3 Rf1 43. Rb4+ Ka3 44. Rdxc4 e1=Q+ 45. Kh3 Qe6+ 46. g4 Rxc4 0-1

[Event "Early-Titled-Tuesday-Blitz-April-23-2024"]
[Site "Chess.com"]
[Date "2024.04.23"]
[Round "5"]
[White "Ural_bogatyr"]
[Black "GMAkobianSTL"]
[Result "0-1"]
[WhiteElo "2571"]
[BlackElo "2812"]
[TimeControl "180+1"]
[EndTime "8:58:12 PDT"]
[Termination "GMAkobianSTL won by resignation"]

1. e4 d6 2. d4 Nf6 3. Nc3 c6 4. a4 e5 5. Nf3 Qc7 6. h3 Be7 7. Bc4 O-O 8. O-O Nbd7 9. a5 Rb8 10. Be3 b5 11. axb6 axb6 12. d5 b5 13. dxc6 bxc4 14. cxd7 Bxd7 15. Ra7 Rb7 16. Qa1 Rfb8 17. Rb1 h6 18. b4 cxb3 19. Rxb3 Rxa7 20. Qxa7 Qxa7 21. Bxa7 Rc8 22. Kf1 Be6 23. Rb8 Rxb8 24. Bxb8 Kf8 25. Ke2 Ke8 26. Kd3 Kd7 27. Ba7 Nh5 28. Be3 f5 29. exf5 Bxf5+ 30. Kd2 Nf6 31. Ba7 Ke6 32. Ne1 d5 33. Nd3 d4 34. Nd1 Nd5 35. f3 Bg5+ 36. Ke2 Bxd3+ 37. Kxd3 Nf4+ 38. Ke4 Nxg2 39. Nf2 Nf4 40.
Ng4 Nxh3 41. Nxe5 Bf6 42. Bxd4 Ng5+ 43. Kf4 Kd5 44. c3 Ne6+ 45. Kf5 Nxd4+ 46. cxd4 h5 47. Nd3 Kxd4 48. Nf4 h4 49. Kg4 Ke3 50. Nh5 Kf2 51. f4 Kg2 52. Nxf6 gxf6 53. Kxh4 Kf3 54. f5 Kf4 55. Kh3 Kxf5 56. Kg3 Ke4 57. Kg4 f5+ 0-1

[Event "Early-Titled-Tuesday-Blitz-April-23-2024"]
[Site "Chess.com"]
[Date "2024.04.23"]
[Round "5"]
[White "Juicy_Fork"]
[Black "Alexei_Gubajdullin"]
[Result "1/2-1/2"]
[WhiteElo "2477"]
[BlackElo "2621"]
[TimeControl "180+1"]
[EndTime "8:58:12 PDT"]
[Termination "Game drawn by repetition"]

1. e4 g6 2. d4 Bg7 3. Nc3 d6 4. Be3 a6 5. Qd2 b5 6. O-O-O Nd7 7. h4 h6 8. Nh3 Bb7 9. f3 Rc8 10. Bd3 c5 11. dxc5 Nxc5 12. Be2 b4 13. Nd5 b3 14.
Kb1 Bxd5 15. exd5 Ne4 16. fxe4 Rxc2 17. axb3 Rxd2 18. Rxd2 Nf6 19. Nf2 O-O 20. g4 Qa5 21.
g5 hxg5 22. hxg5 Nd7 23. Ng4 Rb8 24. Nh6+ Kf8 25. Bd1 Rxb3 26. Bxb3 Qb4 27. Rf1 Qxb3 28. Rxf7+ Ke8 29. Rxg7 Qxe3 30. Rc2 Nc5 31. Rxg6 Qxe4 32. Rg8+ Kd7 33. g6 Qe1+ 34. Rc1 Qe4+ 35. Rc2 Qxd5 36. g7 Qd1+ 37. Rc1 Qd3+ 38. Rc2 Qf1+ 39. Rc1 Qd3+ 40. Rc2 Ke6 41. Rh8 Qd1+ 42. Ka2 Qd5+ 43. Kb1 Qh1+ 44. Rc1 Qe4+ 45. Ka2 Qa4+ 46. Kb1 Qe4+ 47. Rc2 Qe1+ 48. Ka2 Qa5+ 49. Kb1 Qe1+ 50. Rc1 Qe4+ 1/2-1/2

[Event "Early-Titled-Tuesday-Blitz-April-23-2024"]
[Site "Chess.com"]
[Date "2024.04.23"]
[Round "5"]
[White "Grischuk"]
[Black "ViIIagra"]
[Result "1-0"]
[WhiteElo "3085"]
[BlackElo "2928"]
[TimeControl "180+1"]
[EndTime "8:58:13 PDT"]
[Termination "Grischuk won on time"]

1. d4 Nf6 2. c4 g6 3. g3 Bg7 4.
Bg2 d6 5. Nc3 O-O 6. Nf3 Bf5 7.
Nh4 Bc8 8. Nf3 Bf5 9. Nh4 Bc8 10.
O-O e5 11. Nf3 Nc6 12. d5 Nb8 13. e4 a5 14. Rb1 Na6 15. b3 Nc5 16. Re1 c6 17. dxc6 bxc6 18. Ba3 Qe7 19. Qd2 Bg4 20. h3 Bxf3 21. Bxf3 Rfd8 22. Red1 Bf8 23. Bg2 Ne6 24. Ne2 c5 25. Nc3 Nd4 26. Qd3 Bh6 27. Bb2 Bg5 28. Nb5 h5 29. h4 Bh6 30. a4 Ng4 31. Bc3 Rd7 32. Re1 Kh7 33. f3 Nf6 34. Bh3 Rdd8 35.
Kh2 Nd7 36. Nc7 Nb6 37. Nxa8 Rxa8 38. Rb2 Nd7 39. Rf1 Nb8 40. f4 Nbc6 41. f5 Rb8 42.
f6 Qd8 43. Be1 Qb6 44. Kg2 Nxb3 45. Bf2 Ncd4 46. Rfb1 Qc6 47. Bxd4 cxd4 48. Rxb3 1-0

[Event "Early-Titled-Tuesday-Blitz-April-23-2024"]
[Site "Chess.com"]
[Date "2024.04.23"]
[Round "5"]
[White "Mackster23"]
[Black "HanSchut"]
[Result "1-0"]
[WhiteElo "2576"]
[BlackElo "2339"]
[TimeControl "180+1"]
[EndTime "8:58:13 PDT"]
[Termination "Mackster23 won by checkmate"]

1. e4 c5 2. Nf3 d6 3. d4 cxd4 4.
Nxd4 Nf6 5. Nc3 g6 6. Be3 Bg7 7. f3 O-O 8. Qd2 Nc6 9. O-O-O d5 10. exd5 Nxd5 11. Nxc6 bxc6 12. Bd4 e5 13. Bc5 Be6 14.
Ne4 Re8 15. h4 h6 16. h5 g5 17. g4 Qc7 18. Bc4 Red8 19. Qf2 Nf4 20. Bxe6 Nxe6 21. Bd6 Qa5 22. Kb1 Nf4 23. Qe3 Nd5 24.
Qb3 Qb6 25. Qa3 Rd7 26. c4 Nf4 27. c5 Qb7 28. Qc3 Re8 29. Rhe1 Kh8 30. Rd2 Nd5 31. Qc2 Qa6 32. a3 Nf4 33. Kc1 Ne6 34. Qc3 Nd4 35.
Qd3 Qb7 36. Re3 a5 37. Qc3 a4 38. Kd1 Nb3 39. Rdd3 Qa6 40. Ke1 Red8 41. Kf2 Re8 42. Kg3 Nd4 43. Kg2 Qb7 44. Qd2 Qb5 45. Ng3 Qb7 46.
Rxd4 Re6 47. Rde4 f6 48. Nf5 Bf8 49. Qe2 Bxd6 50. Nxd6 Rexd6 51. cxd6 Rxd6 52. Rxa4 Qd7 53. Ra8+ Kg7 54. Kg3 Rd2 55. Qc4 e4 56. Qg8# 1-0

[Event "Early-Titled-Tuesday-Blitz-April-23-2024"]
[Site "Chess.com"]
[Date "2024.04.23"]
[Round "5"]
[White "jeetjain"]
[Black "Artem_Koval"]
[Result "1-0"]
[WhiteElo "2610"]
[BlackElo "2541"]
[TimeControl "180+1"]
[EndTime "8:58:14 PDT"]
[Termination "jeetjain won on time"]

1. Nf3 d5 2. g3 Nf6 3. Bg2 Bf5 4.
O-O e6 5. d3 Be7 6. b3 O-O 7.
Bb2 h6 8. c4 c6 9. Nbd2 a5 10. a3 Bh7 11. Re1 Re8 12. e4 dxe4 13. dxe4 Na6 14. e5 Nd7 15. Ne4 Ndc5 16. Nd6 Rf8 17.
Bf1 Qc7 18. Bc3 Rad8 19. b4 Bxd6 20. exd6 Rxd6 21. Qe2 Nd3 22. Red1 axb4 23. axb4 Naxb4 24. Rab1 c5 25. Ne5 Rfd8 26. Qf3 Nxe5 27. Bxe5 Rxd1 28. Bxc7 Rxb1 29. Bxd8 Bd3 30. h4 Rxf1+ 31. Kh2 Bxc4 32. g4 Bd5 33. Qe3 c4 34. g5 hxg5 35. hxg5 Nd3 36. Qa7 Rxf2+ 37. Kh3 Nf4+ 38. Kg4 Ng6 39. Qxf2 Ne5+ 40.
Kg3 Nd3 41. Qa7 b5 42. Qb8 b4 43. Ba5+ Kh7 44. Bxb4 Kg6 45. Bc3 f6 46. gxf6 gxf6 47. Qg8+ Kf5 48. Qh7+ Kg5 49. Qg7+ Kh5 50. Bxf6 1-0

[Event "Early-Titled-Tuesday-Blitz-April-23-2024"]
[Site "Chess.com"]
[Date "2024.04.23"]
[Round "5"]
[White "ReinisUz"]
[Black "sonicdravise"]
[Result "1-0"]
[WhiteElo "2472"]
[BlackElo "2601"]
[TimeControl "180+1"]
[EndTime "8:58:15 PDT"]
[Termination "ReinisUz won by resignation"]

1. c4 c6 2. Nc3 d5 3. cxd5 cxd5 4.
d4 Nf6 5. Nf3 Nc6 6. Bg5 a6 7. e3 Bg4 8. Bd3 e6 9. O-O Be7 10. a3 O-O 11. b4 Rc8 12. Na4 Ne4 13. Bxe7 Qxe7 14. Nc5 Nd6 15. h3 Bh5 16. Rc1 Bg6 17.
Bxg6 hxg6 18. Nd2 b6 19. Nxa6 Qb7 20. Qe2 Nc4 21. b5 N6a5 22. Nxc4 Nxc4 23. a4 Qe7 24. Qd3 f5 25. f4 Ra8 26. Rc3 g5 27. Rfc1 Ra7 28. Rxc4 dxc4 29. Rxc4 gxf4 30. exf4 Rd8 31.
Nb4 Rxa4 32. Nc6 Ra1+ 33. Kh2 Qh4 34. g3 Ra2+ 35. Rc2 Rxc2+ 36. Qxc2 Qf6 37. Nxd8 Qxd8 38. Qc4 Kf7 39. Kg2 Qa8+ 40. Kh2 Qa5 41. Qc7+ Kf6 42. Qe5+ Kf7 43. g4 Qd2+ 44. Kg3 Qc3+ 45. Kh4 fxg4 46. hxg4 Qc1 47. Kg5 Qh1 48. Qc7+ Kf8 49. Qd8+ Kf7 50. Qd7+ Kf8 51. Qxe6 Qf1 52. f5 Qxb5 53. Kg6 Qe8+ 54. Qxe8+ Kxe8 55. Kxg7 b5 56. f6 b4 57. f7+ Kd7 58.
f8=Q 1-0

[Event "Early-Titled-Tuesday-Blitz-April-23-2024"]
[Site "Chess.com"]
[Date "2024.04.23"]
[Round "5"]
[White "Navyblue1"]
[Black "KVAIDAN"]
[Result "1-0"]
[WhiteElo "2244"]
[BlackElo "2356"]
[TimeControl "180+1"]
[EndTime "8:58:16 PDT"]
[Termination "Navyblue1 won by resignation"]

1. d4 e6 2. c4 f5 3. Nc3 Nf6 4.
g3 Be7 5. Bg2 O-O 6. Nf3 d6 7. O-O a5 8. Qc2 Nc6 9. e4 Nb4 10. Qe2 fxe4 11. Nxe4 Nxe4 12. Qxe4 d5 13. Qe2 c5 14. a3 Nc6 15. dxc5 Bxc5 16. cxd5 exd5 17.
Bg5 Qb6 18. Rad1 Bg4 19. Rxd5 Nd4 20. Rxd4 Bxd4 21. Qc4+ Kh8 22. Qxd4 Qg6 23. Bf4 Rad8 24. Qe5 Rde8 25. Qg5 Bxf3 26. Qxg6 hxg6 27. Bxf3 g5 28. Bh5 gxf4 29. Bxe8 Rxe8 30. gxf4 Re2 31. Rb1 Kh7 32. Kg2 Kg6 33. Kf3 Rc2 34. Rg1+ Kf6 35. Rg5 Rxb2 36. Rxa5 b5 37. Ra7 g6 38. Rb7 Kf5 39. Rf7+ Ke6 40. Rb7 Kf6 41. Kg4 Rb3 42. Rb6+ Kf7 43. Kg5 Rxa3 44. Rxb5 Ra7 45. h4 Kg7 46. h5 gxh5 47. Kxh5 Kf6 48. f3 Rh7+ 49. Kg4 Rh1 50. Rb6+ Ke7 51. Kf5 Rh5+ 52. Ke4 Ra5 53. f5 Kf7 54. Kf4 Ra1 55. Kg5 Rg1+ 56. Kf4 Ra1 57. Rc6 Rb1 58. Rc7+ Kf6 59. Rc6+ Kf7 60. Rd6 Ra1 61. Ke5 Ra5+ 62. Rd5 Ra7 63. f6 Rb7 64. f4 Ra7 65. Kf5 Rb7 66. Re5 Kf8 67. Kg6 Ra7 68. f5 Rb7 69. Rd5 Rb8 70. Rd7 Kg8 71. f7+ Kf8 72. f6 Ra8 73. Re7 Rc8 74. Re8+ Rxe8 75.
fxe8=Q+ Kxe8 76. Kg7 Kd7 77. f7 1-0

[Event "Early-Titled-Tuesday-Blitz-April-23-2024"]
[Site "Chess.com"]
[Date "2024.04.23"]
[Round "5"]
[White "amanjazu"]
[Black "Binary010"]
[Result "0-1"]
[WhiteElo "2536"]
[BlackElo "2848"]
[TimeControl "180+1"]
[EndTime "8:58:18 PDT"]
[Termination "Binary010 won by resignation"]

1. d4 Nf6 2. c4 e6 3. Nc3 Bb4 4. Nf3 d5 5. e3 O-O 6. cxd5 exd5 7.
Bd3 Bg4 8. Rg1 Re8 9. h3 Bh5 10.
Bd2 c5 11. dxc5 d4 12. Ne2 Bxd2+ 13. Qxd2 Nc6 14. Nexd4 Bxf3 15. Nxf3 Qe7 16. b4 a5 17. b5 Nb4 18. Be2 Ne4 19. Qb2 Nxc5 20. Rd1 Rad8 21. Nd4 Qe4 22. Qd2 Qh4 23. g3 Qxh3 24. Qc1 Rc8 25. Qb1 Ne4 26. a3 Nc3 27. Qb3 Nxd1 28. axb4 Nc3 29. Bf3 a4 30. Qc2 Qd7 31. Rh1 g6 32. Kf1 Nxb5 33. Qb2 Nxd4 34. exd4 Ra8 35. Qa3 Qxd4 36. Kg2 Qb6 37. Rb1 h5 38. b5 Red8 39. Rb4 Rd2 40. Be2 Rxe2 41. Qf3 Re6 42. g4 Rf6 43.
Qg3 hxg4 44. Rxg4 a3 45. Rh4 Qxf2+ 46. Qxf2 Rxf2+ 47. Kxf2 a2 48. b6 a1=Q 0-1

[Event "Early-Titled-Tuesday-Blitz-April-23-2024"]
[Site "Chess.com"]
[Date "2024.04.23"]
[Round "5"]
[White "MrVenky"]
[Black "samidescalona2002"]
[Result "1-0"]
[WhiteElo "2537"]
[BlackElo "2724"]
[TimeControl "180+1"]
[EndTime "8:58:18 PDT"]
[Termination "MrVenky won on time"]

1. Nf3 Nf6 2. g3 g6 3. Bg2 Bg7 4. d3 O-O 5. e4 d6 6. O-O c5 7.
Re1 Nc6 8. c3 e5 9. a3 h6 10. b4 b6 11. Bb2 Be6 12. Nbd2 Qe7 13. Rb1 Rac8 14. b5 Na5 15. d4 cxd4 16. cxd4 Nd7 17.
d5 Bg4 18. h3 Bxf3 19. Qxf3 Rc2 20. Qd3 Rfc8 21. Nf1 h5 22. h4 R2c7 23. Bh3 Bh6 24.
Ne3 Nc5 25. Qd1 Rd8 26. Bg2 Qd7 27. Bc1 Kh7 28. g4 Bxe3 29. Bxe3 Qxg4 30. Bg5 Rdc8 31. f3 Qg3 32. Kh1 Nd7 33. Rb2 f6 34. Be3 Qxh4+ 35.
Kg1 Nc4 36. Bf2 Nxb2 37. Qe2 Qg5 38. Qxb2 Rc2 39. Qb3 h4 40. Kf1 Qf4 41. Bh3 f5 42. exf5 gxf5 43. Qd3 Kg7 44. Qxf5 Qxf5 45. Bxf5 R8c7 46.
Bxc2 Rxc2 47. Bxh4 Nf6 48. f4 exf4 49. Re7+ Kf8 50.
Bxf6 Rc5 51. Rxa7 Rxd5 52. a4 Rd2 53. a5 bxa5 54. b6 1-0

[Event "Early-Titled-Tuesday-Blitz-April-23-2024"]
[Site "Chess.com"]
[Date "2024.04.23"]
[Round "5"]
[White "sathvikadiga"]
[Black "SaiAgni_98"]
[Result "1-0"]
[WhiteElo "2623"]
[BlackElo "2467"]
[TimeControl "180+1"]
[EndTime "8:58:18 PDT"]
[Termination "sathvikadiga won on time"]

1. e4 c6 2. d4 d5 3. Nc3 dxe4 4. Nxe4 Nf6 5. Nxf6+ exf6 6. c3 Bd6 7. Bd3 O-O 8. Qc2 Re8+ 9. Ne2 h5 10. O-O h4 11. h3 Nd7 12. Bf4 Nf8 13. Bxd6 Qxd6 14. Qd2 Ng6 15. Rfe1 Be6 16. b3 Rad8 17. Rad1 b5 18. Bb1 Bd5 19. Bxg6 fxg6 20. Nf4 g5 21. Nd3 Bf7 22. Rxe8+ Rxe8 23. Re1 Rxe1+ 24. Qxe1 Kf8 25. Qe4 Bd5 26. Qe3 Qa3 27. Qe2 Qe7 28. Qxe7+ Kxe7 29. f3 Kd6 30. Kf2 Be6 31. Nc5 Bf5 32. Ne4+ Bxe4 33. fxe4 c5 34. Kf3 g6 35. Kg4 b4 36. e5+ fxe5 37.
dxe5+ Kxe5 38. cxb4 cxb4 39. Kxg5 Kd4 40. Kxh4 Kc3 41. Kg5 Kb2 42. h4 Kxa2 43. Kxg6 Kxb3 44. h5 1-0

[Event "Early-Titled-Tuesday-Blitz-April-23-2024"]
[Site "Chess.com"]
[Date "2024.04.23"]
[Round "5"]
[White "Jakhongir-Vakhidov"]
[Black "Rakhmanov_Aleksandr"]
[Result "0-1"]
[WhiteElo "2671"]
[BlackElo "2870"]
[TimeControl "180+1"]
[EndTime "8:58:19 PDT"]
[Termination "Rakhmanov_Aleksandr won by resignation"]

1. c4 e5 2. Nc3 Bb4 3. Nd5 a5 4.
e3 Nf6 5. Nf3 e4 6. a3 Be7 7.
Nd4 c6 8. Nxe7 Qxe7 9. b3 d5 10. Bb2 O-O 11. Qc2 dxc4 12. bxc4 Na6 13. Be2 Rd8 14.
O-O Nc5 15. f3 exf3 16. Bxf3 Ng4 17. Nf5 Bxf5 18. Qxf5 Rxd2 19. Bd4 Nxe3 20. Qxc5 Qxc5 21. Bxc5 Nxf1 22. Kxf1 Rad8 23. Bb6 Re8 24. Bxa5 Rc2 25. Rb1 Rxc4 26. Rxb7 g5 27. h3 h6 28. Kg1 c5 29. Bd5 Rf4 30. Rc7 Rf5 31. Bc4 h5 32. Bc3 g4 33. hxg4 hxg4 34. Rd7 Rf4 35.
Bd5 Rf5 36. a4 Re2 37. a5 g3 38. Bf3 Rc2 39. Bd2 Ra2 40. Rd8+ Kg7 41. Rd6 Ra1+ 42. Bc1 Rxc1+ 43. Bd1 Rf4 44. a6 Rd4 45. Rxd4 cxd4 46. Kf1 Rxd1+ 47. Ke2 Ra1 48. a7 Rxa7 49. Kd3 Ra2 50. Kxd4 Rxg2 51. Ke4 Rf2 0-1